 Dungeon Crawl Stone Soup version 0.26-b1-59-ge38874ec40 (webtiles) character file.

Game seed: 4952906884691822263

696 Gadfly the Chopper (level 7, 0/54 HPs)
             Began as a Formicid Abyssal Knight on Jan 9, 2021.
             Was a Priest of Lugonu.
             Slain by an ogre
             ... wielding a +0 giant club
              (13 damage)
             ... on level 5 of the Dungeon.
             The game lasted 00:06:37 (6034 turns).

Gadfly the Chopper (Formicid Abyssal Knight)        Turns: 6034, Time: 00:06:38

Health: 0/54       AC: 12    Str: 19    XL:     7   Next: 97%
Magic:  10/10      EV: 11    Int: 11    God:    Lugonu [***...]
Gold:   206        SH:  0    Dex: 10    Spells: 6/6 levels left

rFire    . . .     SeeInvis +   b - +4 quarterstaff (chaos)
rCold    . . .     Faith    .   (no shield)
rNeg     . . .     Spirit   .   p - +0 chain mail
rPois    .         Reflect  .   (helmet unavailable)
rElec    .         Harm     .   e - +1 cloak
rCorr    .         Rampage  .   (no gloves)
Will     .....                  j - +0 pair of boots
Stlth    ..........             (no amulet)
HPRegen  0.18/turn              (no ring)
MPRegen  0.12/turn              r - +4 ring of evasion

@: lethally poisoned (0 -> -2)
A: permanent stasis, dig shafts and tunnels, four strong arms, antennae 3
a: Dig, Shaft Self, Renounce Religion, Depart the Abyss, Bend Space, Banish


You were on level 5 of the Dungeon.
You worshipped Lugonu.
Lugonu was most pleased with you.
You visited 1 branch of the dungeon, and saw 5 of its levels.
You visited the Abyss 1 time.

You collected 206 gold pieces.

Inventory:

Hand Weapons
 a - a +0 war axe
 b - a +4 quarterstaff of chaos (weapon)
 c - a +2 dagger of flaming
 n - a +0 mace of protection
Armour
 e - a +1 cloak (worn)
 j - a +0 pair of boots (worn)
 p - a +0 chain mail (worn)
Jewellery
 d - an uncursed ring of ice
 r - a +4 ring of evasion (right hand)
Scrolls
 f - a scroll of identify
 k - 3 scrolls of remove curse
 l - 3 scrolls of fog
Potions
 g - 2 potions of curing
 h - a potion of flight
 o - a potion of heal wounds
 t - a potion of ambrosia


   Skills:
 + Level 4.1 Fighting
 * Level 5.0 Axes
 + Level 4.3 Armour
 - Level 0.8 Dodging
 + Level 4.8 Invocations
 * Level 3.8 Evocations


You had 6 spell levels left.
You didn't know any spells.
Your spell library contained the following spells:

 Spells                   Type           Power        Failure   Level
 Leda's Liquefaction      Hex/Erth       0%           100%        4
 Bolt of Magma            Conj/Fire/Erth 0%           100%        5
 Iron Shot                Conj/Erth      0%           100%        6
 Statue Form              Tmut/Erth      0%           100%        6
 Shatter                  Erth           0%           100%        9


Dungeon Overview and Level Annotations

Branches:
Dungeon (5/15)
 Temple: D:4-7

Altars:
Ru
Trog


Innate Abilities, Weirdness & Mutations

You cannot be hasted, slowed, berserked, paralysed or teleported.
You can dig through walls and to a lower floor.
Your four strong arms can wield two-handed weapons with a shield.
You have a pair of large antennae on your head. (SInv)


Message History

The adder is severely wounded.
The adder barely misses you. The adder closely misses you.
You hit the adder.
The adder is almost dead.
The adder bites you.
* * * LOW HITPOINT WARNING * * *
You are poisoned.
The adder poisons you!
You closely miss the adder.
The adder is almost dead.
You feel sick. The adder misses you. x2
You closely miss the adder.
The adder is almost dead.
The adder misses you. The adder bites you but does no damage.
Unknown command.
You sock the adder!
You kill the adder!
Lugonu accepts your kill. The ogre hits you with a +0 giant club!
You die...

#..................
#.#################
#.#################
#..........(.......
###########.....#### #..
..#.............
#.###.#.#.......###.
#####.#<#.#.#.......# #. .
..?..#@#.#.#.......# #.
...###..#O#.#.#...##### #.
.>.........................
....###....#.#........####.
........####.#........# ##
........+ ..#..........
........# ####........##
........# .........#
........# ###.......#


You could see an ogre.

Vanquished Creatures
  Eustachio (D:4)
  A phantom (D:4)
  Blork the orc (D:4)
  A hound (D:4)
  Crazy Yiuf (D:3)
  An orc wizard (D:3)
  Jessica (D:2)
  4 worker ants (D:4)
  8 adders
  An ufetubus (D:5)
  7 worms
  6 dart slugs
  3 leopard geckos (D:3)
  8 orcs
  6 bats
  3 giant cockroaches
  8 goblins
  4 hobgoblins
  7 jackals
  4 quokkas
  A ball python (D:1)
  9 frilled lizards
  5 kobolds
  8 rats
99 creatures vanquished.

Notes
Turn   | Place    | Note
-------+----------+-------------------------------------------
     0 | Abyss:1  | Gadfly the Formicid Abyssal Knight began the quest for the
                  | Orb.
     0 | Abyss:1  | Reached XP level 1. HP: 18/18 MP: 2/2
    38 | Abyss:1  | Found a corrupted altar of Lugonu.
    86 | D:1      | Escaped the Abyss
   369 | D:1      | Reached XP level 2. HP: 20/24 MP: 3/3
   841 | D:1      | Reached XP level 3. HP: 29/29 MP: 3/5
   959 | D:1      | Reached ** piety under Lugonu
  1226 | D:2      | Reached skill level 3 in Axes
  1423 | D:2      | Reached XP level 4. HP: 25/35 MP: 6/6
  1675 | D:2      | Noticed Jessica
  1685 | D:2      | Killed Jessica
  2257 | D:2      | Reached XP level 5. HP: 25/41 MP: 7/7
  2935 | D:3      | Reached skill level 1 in Evocations
  3489 | D:3      | Reached XP level 6. HP: 43/47 MP: 8/8
  3555 | D:3      | Found a bloodstained altar of Trog.
  3558 | D:3      | Reached *** piety under Lugonu
  3971 | D:3      | Found a runed translucent door.
  3972 | D:3      | Noticed Crazy Yiuf
  3979 | D:3      | Killed Crazy Yiuf
  3980 | D:3      | Reached skill level 4 in Axes
  4214 | D:4      | Noticed Eustachio
  4223 | D:4      | Killed Eustachio
  4224 | D:4      | Reached XP level 7. HP: 43/52 MP: 10/10
  4359 | D:4      | Noticed Blork the orc
  4368 | D:4      | Killed Blork the orc
  5648 | D:4      | Found a sacrificial altar of Ru.
  5927 | D:5      | Entered Level 5 of the Dungeon
  5948 | D:5      | Reached skill level 5 in Axes
  6034 | D:5      | Slain by an ogre

Illustrated notes

Levels and vault maps discovered:
D:1:      amcnicky_arrival_choice, layout_loops_ring, minmay_tripent
D:2:      layout_rooms, grunt_ministairs_4, roderic_serpentine_path,
          uniq_jessica
D:3:      minmay_angry_zag, layout_loops_ring, minmay_misc_feat_encased,
          trog_butcher_becter, uniq_crazy_yiuf_cottage
D:4:      layout_layer_cave, nicolae_ru_the_path_less_chosen, uniq_eustachio,
          uniq_blork_the_orc
D:5:      layout_basic, eat_drink_and_be_merry_uskayaw,
          minmay_temple_entry_gardened_gates

Skill      XL: |  1  2  3  4  5  6  7 |
---------------+----------------------+-----
Axes           | 3 4 5 |  5.0
Invocations    | 3 4 |  4.8
Armour         | 3 4 |  4.3
Evocations     | 1 2 3 |  3.8
Fighting       | 4 |  4.1
Dodging        | |  0.8

Action                   |  1- 3 |  4- 6 |  7- 9 || total
-------------------------+-------+-------+-------++-------
Melee: Hand axe          |   104 |   199 |       ||   303
       Club              |       |     9 |       ||     9
       Quarterstaff      |       |     8 |    38 ||    46
       War axe           |       |       |    37 ||    37
  Use: Scroll            |     3 |     5 |     6 ||    14
       Potion            |       |     1 |     1 ||     2
Armor: Ring mail         |    45 |       |       ||    45
       Leather armour    |     1 |       |       ||     1
       Scale mail        |       |    89 |     2 ||    91
       Chain mail        |       |       |    73 ||    73
Dodge: Dodged            |    53 |   111 |    67 ||   231
